Gangsters vs Carnivores
Created - 24 novembre 2014 at 19:26
Goals
|
| Gangsters |
3 |
1 |
2 |
6 |
| Carnivores |
2 |
2 |
0 |
4 |
|
Shots
|
| Gangsters |
13 |
11 |
14 |
38 |
| Carnivores |
14 |
10 |
9 |
33 |
|
1st period
1. Gangsters , Nick Foligno 4 (Gustav Nyquist, Ville Koistinen) at 6:21
2. Gangsters , Alexandre Bolduc 14 (Jaroslav Balastik) at 6:53 (PP)
3. Gangsters , Chris Bourque 9 (Jaroslav Balastik, Alexandre Bolduc) at 8:46
4. Carnivores , Matt Cullen 13 (Tim Conboy) at 15:10
5. Carnivores , Bobby Sanguinetti 4 (Tim Conboy, Matt Cullen) at 19:06 (PP)
Penalties :
Keith Aulie (Bre) for Hooking (Minor) at 2:48, Oliver Ekman-Larsson (Bre) for Cross-checking (Minor) at 6:47, Jaroslav Balastik (Bro) for Hooking (Minor) at 19:02
2nd period
6. Gangsters , Alexandre Bolduc 15 (Jaroslav Balastik, Ryan Keller) at 10:32
7. Carnivores , Colton Orr 16 (Keith Aulie) at 13:31
8. Carnivores , Matt Cullen 14 (Tim Conboy) at 15:00
Penalties :
Evgeny Grachev (Bre) for Roughing (Minor) at 6:01
3rd period
9. Gangsters , Jaroslav Balastik 15 (Alexandre Bolduc, Ryan Keller) at 10:12
10. Gangsters , Jaroslav Balastik 16 (Alexandre Bolduc) at 14:24
Penalties :
Oliver Ekman-Larsson (Bre) for Hooking (Minor) at 10:45
Goalie Stats
David LeNeveu (Bro), 29 saves from 33 shots - (0,879), W, 10-5-3, 60:00 minutes
Antti Raanta (Bre), 18 saves from 20 shots - (0,900), L, 0-5-0, 29:28 minutes
Corey Crawford (Bre), 14 saves from 18 shots - (0,778), 30:32 minutes
Players Stats for Gangsters
Player Name G A P +/- PIM S H SB GA TA FO MP PP MP PK MP
------------------------------------------------------------------------------------
Alexandre Bolduc 2 3 5 1 0 6 1 3 0 0 17/36 21:46 3:23 0:00
Artem Anisimov 0 0 0 1 0 1 0 0 1 0 7/14 16:10 2:36 0:00
Ben Holmstrom 0 0 0 0 0 0 0 0 0 0 0/0 0:00 0:00 0:00
Brett Ponich 0 0 0 -1 0 0 0 0 0 0 0/0 3:58 0:00 0:00
Brock Bradford 0 0 0 1 0 0 0 0 0 0 4/6 12:33 0:00 0:04
Bryan Young 0 0 0 2 0 2 1 3 0 0 0/0 24:15 3:58 0:04
Chris Bourque 1 0 1 1 0 3 3 0 0 0 1/1 16:39 2:40 0:00
Colten Teubert 0 0 0 0 0 0 1 0 0 0 0/0 18:48 2:05 0:00
Dave Dziurzynski 0 0 0 -1 0 1 2 0 0 1 0/1 8:59 0:00 0:00
Gabriel Dumont 0 0 0 0 0 0 0 0 0 0 0/1 0:14 0:00 0:00
Gustav Nyquist 0 1 1 1 0 4 1 0 0 0 0/0 12:37 0:04 0:00
Jaroslav Balastik 2 3 5 1 2 7 2 0 1 1 1/2 21:48 3:23 0:00
Luke Gazdic 0 0 0 0 0 0 0 0 0 0 0/0 0:00 0:00 0:00
Matt Delahey 0 0 0 1 0 0 1 0 0 1 0/0 12:59 0:00 0:00
Maxime Sauvé 0 0 0 -1 0 1 0 0 0 0 2/5 8:59 0:00 0:00
Michael Sdao 0 0 0 1 0 0 0 0 0 0 0/0 12:59 0:00 0:00
Mikko Lehtonen 0 0 0 -1 0 2 0 0 1 0 0/0 9:31 0:04 0:00
Nathan Moon 0 0 0 0 0 0 0 0 0 0 0/0 0:00 0:00 0:00
Nick Foligno 1 0 1 1 0 2 2 0 0 0 0/0 12:15 0:00 0:00
Phil McRae 0 0 0 0 0 0 0 0 0 0 0/0 0:00 0:00 0:00
Richard Panik 0 0 0 0 0 0 0 0 0 0 0/0 0:21 0:00 0:00
Ryan Jones 0 0 0 1 0 2 1 2 1 0 0/0 16:10 2:36 0:00
Ryan Keller 0 2 2 1 0 4 1 0 1 0 1/1 21:53 3:23 0:04
Shaun Heska 0 0 0 0 0 1 0 0 0 1 0/0 18:48 2:05 0:00
Ville Koistinen 0 1 1 1 0 2 1 2 0 0 0/0 28:13 3:58 0:04
Players Stats for Carnivores
Player Name G A P +/- PIM S H SB GA TA FO MP PP MP PK MP
------------------------------------------------------------------------------------
Anton Gustafsson 0 0 0 0 0 1 3 0 0 0 5/11 14:09 0:00 1:20
Anton Lander 0 0 0 -1 0 0 1 0 0 0 3/5 8:02 0:00 0:16
Billy Sweat 0 0 0 0 0 1 0 0 0 1 0/0 14:53 0:00 0:00
Blake Geoffrion 0 0 0 0 0 2 0 0 0 0 1/1 18:11 0:04 0:00
Bobby Sanguinetti 1 0 1 0 0 3 2 1 0 0 0/0 18:12 0:04 2:02
Chris Butler 0 0 0 1 0 0 1 2 0 0 0/0 11:35 0:00 0:00
Chris Lawrence 0 0 0 -2 0 2 0 1 1 0 0/0 8:25 0:00 0:00
Colton Orr 1 0 1 -1 0 5 5 0 1 1 0/0 13:37 0:00 1:34
David Schlemko 0 0 0 0 0 0 0 1 0 0 0/0 7:25 0:00 2:17
David Van Der Gulik 0 0 0 0 0 1 1 1 0 0 0/1 16:27 0:00 1:34
Evgeny Grachev 0 0 0 0 2 3 3 0 1 0 5/14 14:54 0:00 0:00
Jeremy Welsh 0 0 0 -1 0 2 0 0 0 0 0/0 12:26 0:00 0:00
Jordie Benn 0 0 0 0 0 0 0 0 0 0 0/0 5:54 0:00 0:32
Keith Aulie 0 1 1 -3 2 3 1 6 0 2 0/0 24:11 0:00 2:41
Lane MacDermid 0 0 0 -1 0 0 0 0 0 0 0/0 9:37 0:00 1:10
Matt Cullen 2 1 3 0 0 3 1 1 0 0 17/32 21:16 0:04 3:05
Oliver Ekman-Larsson 0 0 0 -3 4 1 1 0 0 0 0/0 23:38 0:04 2:32
Patrick McNeill 0 0 0 1 0 0 1 0 0 0 0/0 11:35 0:00 0:00
Phil Oreskovic 0 0 0 0 0 0 1 1 0 1 0/0 18:08 0:00 2:02
Tim Conboy 0 3 3 0 0 6 2 1 1 0 3/3 21:18 0:04 3:07
3 Stars
1 - Alexandre Bolduc (Bro)
2 - Jaroslav Balastik (Bro)
3 - Matt Cullen (Bre)
Power Play
Gangsters - 1 on 4 Attempt(s) - 25,00%
Carnivores - 1 on 1 Attempt(s) - 100,00%
Penalty Kill
Gangsters - 0 on 1 Attempt(s) - 0,00%
- Score 0 goal in Penalty Kill
Carnivores - 3 on 4 Attempt(s) - 75,00%
- Score 0 goal in Penalty Kill
Official
Referees : Leggo Mike and Devorski Paul
Linesman : Shane Heyer and Derek Amell
Game Notes
15:10 of 1st period - Carnivores goal is going for a video replay. After video review, Goal.
Antti Raanta enters game at 10:32 of 2nd period
Finance
Level 1 -- Attendance: 1411 (70,55%) -- Ticket Income 49 385 $
Level 2 -- Attendance: 733 (73,30%) -- Ticket Income 14 660 $
Total Attendance: 2144 (71,47%)
Total Ticket Income: 64 045 $
Other Income: 3 202 $
Total Income: 67 247 $
Gangsters
5 vs 5 Forward
Center Left Wing Right Wing Time % Phy DF OF
1 Alexandre Bolduc Jaroslav Balastik Ryan Keller 40 1 2 2
2 Artem Anisimov Chris Bourque Ryan Jones 30 1 2 2
3 Brock Bradford Nick Foligno Gustav Nyquist 20 1 2 2
4 Maxime Sauvé Dave Dziurzynski Mikko Lehtonen 10 1 2 2
5 vs 5 Defense
Defense Defense Time % Phy DF OF
1 Ville Koistinen Bryan Young 40 1 2 2
2 Shaun Heska Colten Teubert 30 1 2 2
3 Matt Delahey Michael Sdao 20 1 2 2
4 Brett Ponich Ville Koistinen 10 1 2 2
PowerPlay Forward
Center Left Wing Right Wing Time % Phy DF OF
1 Alexandre Bolduc Jaroslav Balastik Ryan Keller 60 1 2 2
2 Artem Anisimov Chris Bourque Ryan Jones 40 1 2 2
PowerPlay Defense
Defense Defense Time % Phy DF OF
1 Ville Koistinen Bryan Young 60 1 2 2
2 Shaun Heska Colten Teubert 40 1 2 2
Penalty Kill 4 Players Forward
Center Wing Time % Phy DF OF
1 Jaroslav Balastik Ryan Keller 60 1 2 2
2 Chris Bourque Nick Foligno 40 1 2 2
Penalty Kill 4 Players Defense
Defense Defense Time % Phy DF OF
1 Ville Koistinen Bryan Young 60 1 2 2
2 Shaun Heska Colten Teubert 40 1 2 2
Penalty Kill - 3 Players Forward
Forward Time % Phy DF OF
1 Jaroslav Balastik 60 1 2 2
2 Ryan Keller 40 1 2 2
Penalty Kill - 3 Players Defense
Defense Defense Time % Phy DF OF
1 Ville Koistinen Bryan Young 60 1 2 2
2 Shaun Heska Colten Teubert 40 1 2 2
4 vs 4 Forward
Center Wing Time % Phy DF OF
1 Jaroslav Balastik Ryan Keller 60 1 2 2
2 Chris Bourque Nick Foligno 40 1 2 2
4 vs 4 Defense
Defense Defense Time % Phy DF OF
1 Ville Koistinen Bryan Young 60 1 2 2
2 Shaun Heska Colten Teubert 40 1 2 2
Last Minutes Offensive
Center Left Wing Right Wing Defense Defense
Alexandre Bolduc Jaroslav Balastik Ryan Keller Ville Koistinen Bryan Young
Last Minutes Defensive
Center Left Wing Right Wing Defense Defense
Alexandre Bolduc Jaroslav Balastik Ryan Keller Ville Koistinen Bryan Young
Goaltenders
Starting : David LeNeveu
Backup : Dustin Tokarski
Extra Forwards
Normal : Gustav Nyquist, Mikko Lehtonen, Brock Bradford - PP : Gustav Nyquist, Mikko Lehtonen - PK : Brock Bradford
Extra Defensemen
Normal : Matt Delahey, Michael Sdao, Brett Ponich - PP : Matt Delahey - PK : Michael Sdao, Brett Ponich
Penalty Shots
Jaroslav Balastik, Ryan Keller, Chris Bourque, Nick Foligno, Alexandre Bolduc
Carnivores
5 vs 5 Forward
Center Left Wing Right Wing Time % Phy DF OF
1 Matt Cullen Blake Geoffrion Tim Conboy 40 1 2 2
2 Evgeny Grachev Billy Sweat David Van Der Gulik 30 1 2 2
3 Anton Gustafsson Jeremy Welsh Colton Orr 20 1 2 2
4 Anton Lander Lane MacDermid Chris Lawrence 10 1 2 2
5 vs 5 Defense
Defense Defense Time % Phy DF OF
1 Oliver Ekman-Larsson Keith Aulie 40 1 2 2
2 Bobby Sanguinetti Phil Oreskovic 30 1 2 2
3 Patrick McNeill Chris Butler 20 1 2 2
4 Jordie Benn David Schlemko 10 1 2 2
PowerPlay Forward
Center Left Wing Right Wing Time % Phy DF OF
1 Matt Cullen Blake Geoffrion Tim Conboy 60 1 2 2
2 Evgeny Grachev Billy Sweat David Van Der Gulik 40 1 2 2
PowerPlay Defense
Defense Defense Time % Phy DF OF
1 Oliver Ekman-Larsson Bobby Sanguinetti 60 1 2 2
2 Phil Oreskovic Keith Aulie 40 1 2 2
Penalty Kill 4 Players Forward
Center Wing Time % Phy DF OF
1 Matt Cullen Tim Conboy 60 1 2 2
2 David Van Der Gulik Colton Orr 40 1 2 2
Penalty Kill 4 Players Defense
Defense Defense Time % Phy DF OF
1 Oliver Ekman-Larsson Keith Aulie 60 1 2 2
2 Bobby Sanguinetti Phil Oreskovic 40 1 2 2
Penalty Kill - 3 Players Forward
Forward Time % Phy DF OF
1 Matt Cullen 60 1 2 2
2 Tim Conboy 40 1 2 2
Penalty Kill - 3 Players Defense
Defense Defense Time % Phy DF OF
1 Oliver Ekman-Larsson Keith Aulie 60 1 2 2
2 Bobby Sanguinetti Phil Oreskovic 40 1 2 2
4 vs 4 Forward
Center Wing Time % Phy DF OF
1 Matt Cullen Tim Conboy 60 1 2 2
2 David Van Der Gulik Colton Orr 40 1 2 2
4 vs 4 Defense
Defense Defense Time % Phy DF OF
1 Oliver Ekman-Larsson Keith Aulie 60 1 2 2
2 Phil Oreskovic Keith Aulie 40 1 2 2
Last Minutes Offensive
Center Left Wing Right Wing Defense Defense
Matt Cullen Blake Geoffrion Tim Conboy Oliver Ekman-Larsson Bobby Sanguinetti
Last Minutes Defensive
Center Left Wing Right Wing Defense Defense
Matt Cullen Blake Geoffrion Tim Conboy Oliver Ekman-Larsson Bobby Sanguinetti
Goaltenders
Starting : Corey Crawford
Backup : Antti Raanta
Extra Forwards
Normal : Chris Lawrence, Jeremy Welsh, Anton Gustafsson - PP : Chris Lawrence, Jeremy Welsh - PK : Anton Gustafsson
Extra Defensemen
Normal : Chris Butler, David Schlemko, Jordie Benn - PP : Chris Butler - PK : David Schlemko, Jordie Benn
Penalty Shots
Matt Cullen, Tim Conboy, David Van Der Gulik, Colton Orr, Blake Geoffrion
% Time on Ice - Gangsters
Lines # - Real PCT - Wanted PCT - Time Play
Normal Forward
1 - 35% - 40% - 19:01
2 - 25% - 30% - 13:38
3 - 23% - 20% - 12:15
4 - 17% - 10% - 8:59
Normal Defense
1 - 38% - 40% - 20:13
2 - 31% - 30% - 16:43
3 - 24% - 20% - 12:59
4 - 7% - 10% - 3:58
PP Forward
1 - 56% - 60% - 3:23
2 - 44% - 40% - 2:40
PP Defense
1 - 66% - 60% - 3:58
2 - 34% - 40% - 2:05
PK Forward
1 - 100% - 60% - 0:04
2 - 0% - 40% - 0:00
PK Defense
1 - 100% - 60% - 0:04
2 - 0% - 40% - 0:00
PK3 Forward
1 - 0% - 60%
2 - 0% - 40%
PK3 Defense
1 - 0% - 60%
2 - 0% - 40%
44 Forward
1 - 0% - 60%
2 - 0% - 40%
44 Defense
1 - 0% - 60%
2 - 0% - 40%
Last Minute Offensive - 0:00
Last Minute Defensive - 0:00
Total
Forward - 60:00
Defense - 60:00
|
% Time on Ice - Carnivores
Lines # - Real PCT - Wanted PCT - Time Play
Normal Forward
1 - 36% - 40% - 19:21
2 - 28% - 30% - 14:53
3 - 22% - 20% - 12:03
4 - 14% - 10% - 7:36
Normal Defense
1 - 39% - 40% - 21:04
2 - 30% - 30% - 16:06
3 - 21% - 20% - 11:35
4 - 10% - 10% - 5:08
PP Forward
1 - 100% - 60% - 0:04
2 - 0% - 40% - 0:00
PP Defense
1 - 100% - 60% - 0:04
2 - 0% - 40% - 0:00
PK Forward
1 - 74% - 60% - 4:29
2 - 26% - 40% - 1:34
PK Defense
1 - 66% - 60% - 4:01
2 - 34% - 40% - 2:02
PK3 Forward
1 - 0% - 60%
2 - 0% - 40%
PK3 Defense
1 - 0% - 60%
2 - 0% - 40%
44 Forward
1 - 0% - 60%
2 - 0% - 40%
44 Defense
1 - 0% - 60%
2 - 0% - 40%
Last Minute Offensive - 0:00
Last Minute Defensive - 0:00
Total
Forward - 60:00
Defense - 60:00
|
Play by Play
1st period
0:01 of 1st period - Alexandre Bolduc wins face-off versus Matt Cullen in neutral zone.
0:08 of 1st period - Snap shot by Alexandre Bolduc.
0:08 of 1st period - Shot Misses the Net.
0:10 of 1st period - Slapshot by Ville Koistinen.
0:10 of 1st period - Deflect By Jaroslav Balastik.
0:10 of 1st period - Stopped by Corey Crawford with a rebound.
0:14 of 1st period - Snap shot by Jaroslav Balastik.
0:14 of 1st period - Shot Misses the Net.
0:52 of 1st period - Snap shot by Gustav Nyquist.
0:52 of 1st period - Stopped by Corey Crawford without a rebound.
0:53 of 1st period - Anton Lander wins face-off versus Brock Bradford in Carnivores zone.
0:53 of 1st period - Anton Lander is hit by Nick Foligno.
0:59 of 1st period - Chris Butler is hit by Colten Teubert and loses puck.
1:42 of 1st period - Brock Bradford is hit by Bobby Sanguinetti and loses puck.
2:08 of 1st period - Off-side.
2:09 of 1st period - Matt Cullen wins face-off versus Alexandre Bolduc in neutral zone.
2:22 of 1st period - Snap shot by Tim Conboy.
2:22 of 1st period - Shot Misses the Net.
2:34 of 1st period - Ville Koistinen is hit by Anton Gustafsson and loses puck.
2:39 of 1st period - Snap shot by Colton Orr.
2:39 of 1st period - Stopped by David LeNeveu without a rebound.
2:40 of 1st period - Maxime Sauvé wins face-off versus Anton Gustafsson in Gangsters zone.
2:48 of 1st period - Minor Penalty to Keith Aulie for Hooking.
2:49 of 1st period - Tim Conboy wins face-off versus Alexandre Bolduc in Carnivores zone.
4:48 of 1st period - Penalty to Keith Aulie is over, Keith Aulie is back on ice.
4:56 of 1st period - Wrist shot by Keith Aulie.
4:56 of 1st period - Stopped by David LeNeveu with a rebound.
5:38 of 1st period - Dave Dziurzynski is hit by Chris Butler and loses puck.
6:19 of 1st period - Snap shot by Nick Foligno.
6:19 of 1st period - Shot Blocked by Chris Lawrence.
6:21 of 1st period - Snap shot by Nick Foligno.
6:21 of 1st period - Goal by Nick Foligno - Gangsters : 1 - Carnivores : 0.
6:22 of 1st period - Evgeny Grachev wins face-off versus Alexandre Bolduc in neutral zone.
6:37 of 1st period - Slapshot by Oliver Ekman-Larsson.
6:37 of 1st period - Shot Misses the Net.
6:47 of 1st period - Minor Penalty to Oliver Ekman-Larsson for Cross-checking.
6:48 of 1st period - Alexandre Bolduc wins face-off versus Matt Cullen in Carnivores zone.
6:51 of 1st period - Snap shot by Alexandre Bolduc.
6:51 of 1st period - Shot Misses the Net.
6:53 of 1st period - Snap shot by Alexandre Bolduc.
6:53 of 1st period - Goal by Alexandre Bolduc - Gangsters : 2 - Carnivores : 0.
6:54 of 1st period - Alexandre Bolduc wins face-off versus Matt Cullen in neutral zone.
7:18 of 1st period - Icing by Matt Cullen.
7:19 of 1st period - Artem Anisimov wins face-off versus David Van Der Gulik in Carnivores zone.
7:22 of 1st period - Wrist shot by Artem Anisimov.
7:22 of 1st period - Stopped by Corey Crawford with a rebound.
7:50 of 1st period - Wrist shot by Ryan Keller.
7:50 of 1st period - Stopped by Corey Crawford without a rebound.
7:51 of 1st period - Alexandre Bolduc wins face-off versus Matt Cullen in Carnivores zone.
8:00 of 1st period - Snap shot by Ryan Keller.
8:00 of 1st period - Shot Blocked by Tim Conboy.
8:02 of 1st period - Slapshot by Alexandre Bolduc.
8:02 of 1st period - Shot Misses the Net.
8:04 of 1st period - Slapshot by Ville Koistinen.
8:04 of 1st period - Shot Misses the Net.
8:06 of 1st period - Wrist shot by Alexandre Bolduc.
8:06 of 1st period - Stopped by Corey Crawford with a rebound.
8:08 of 1st period - Slapshot by Alexandre Bolduc.
8:08 of 1st period - Shot Misses the Net.
8:10 of 1st period - Slapshot by Bryan Young.
8:10 of 1st period - Shot Blocked by Phil Oreskovic.
8:12 of 1st period - Snap shot by Jaroslav Balastik.
8:12 of 1st period - Stopped by Corey Crawford with a rebound.
8:46 of 1st period - Snap shot by Chris Bourque.
8:46 of 1st period - Goal by Chris Bourque - Gangsters : 3 - Carnivores : 0.
8:47 of 1st period - Anton Gustafsson wins face-off versus Artem Anisimov in neutral zone.
8:56 of 1st period - Wrist shot by Anton Gustafsson.
8:56 of 1st period - Stopped by David LeNeveu with a rebound.
9:16 of 1st period - Slapshot by Oliver Ekman-Larsson.
9:16 of 1st period - Shot Misses the Net.
9:32 of 1st period - Snap shot by Gustav Nyquist.
9:32 of 1st period - Stopped by Corey Crawford with a rebound.
9:40 of 1st period - Snap shot by Gustav Nyquist.
9:40 of 1st period - Shot Blocked by David Van Der Gulik.
9:53 of 1st period - Snap shot by Anton Lander.
9:53 of 1st period - Shot Misses the Net.
9:55 of 1st period - Slapshot by Oliver Ekman-Larsson.
9:55 of 1st period - Stopped by David LeNeveu with a rebound.
9:57 of 1st period - Slapshot by Chris Lawrence.
9:57 of 1st period - Stopped by David LeNeveu without a rebound.
9:58 of 1st period - Anton Lander wins face-off versus Artem Anisimov in Gangsters zone.
10:09 of 1st period - Snap shot by Chris Bourque.
10:09 of 1st period - Stopped by Corey Crawford with a rebound.
10:11 of 1st period - Slapshot by Ryan Jones.
10:11 of 1st period - Shot Misses the Net.
12:53 of 1st period - Wrist shot by Tim Conboy.
12:53 of 1st period - Stopped by David LeNeveu with a rebound.
12:55 of 1st period - Slapshot by Tim Conboy.
12:55 of 1st period - Stopped by David LeNeveu without a rebound.
12:56 of 1st period - Alexandre Bolduc wins face-off versus Evgeny Grachev in Gangsters zone.
13:09 of 1st period - Snap shot by Evgeny Grachev.
13:09 of 1st period - Stopped by David LeNeveu with a rebound.
13:15 of 1st period - Oliver Ekman-Larsson is hit by Jaroslav Balastik and loses puck.
13:34 of 1st period - Snap shot by Blake Geoffrion.
13:34 of 1st period - Shot Misses the Net.
13:36 of 1st period - Snap shot by Matt Cullen.
13:36 of 1st period - Shot Misses the Net.
13:43 of 1st period - Icing by Chris Bourque.
13:44 of 1st period - Brock Bradford wins face-off versus Anton Gustafsson in Gangsters zone.
13:44 of 1st period - Brock Bradford is hit by Colton Orr.
13:49 of 1st period - Off-side.
13:50 of 1st period - Brock Bradford wins face-off versus Anton Gustafsson in neutral zone.
14:01 of 1st period - Snap shot by Colton Orr.
14:01 of 1st period - Stopped by David LeNeveu with a rebound.
14:03 of 1st period - Slapshot by David Schlemko.
14:03 of 1st period - Shot Misses the Net.
14:05 of 1st period - Snap shot by Colton Orr.
14:05 of 1st period - Shot Misses the Net.
14:07 of 1st period - Wrist shot by Colton Orr.
14:07 of 1st period - Shot Misses the Net.
14:21 of 1st period - Gustav Nyquist is hit by Anton Gustafsson and loses puck.
14:56 of 1st period - Snap shot by Colton Orr.
14:56 of 1st period - Stopped by David LeNeveu without a rebound.
14:57 of 1st period - Matt Cullen wins face-off versus Alexandre Bolduc in Gangsters zone.
15:08 of 1st period - Snap shot by Tim Conboy.
15:08 of 1st period - Shot Misses the Net.
15:10 of 1st period - Snap shot by Matt Cullen.
15:10 of 1st period - Carnivores goal is going for a video replay.
15:10 of 1st period - The goal is good.
15:10 of 1st period - Goal by Matt Cullen - Gangsters : 3 - Carnivores : 1.
15:11 of 1st period - Matt Cullen wins face-off versus Alexandre Bolduc in neutral zone.
15:24 of 1st period - Snap shot by Matt Cullen.
15:24 of 1st period - Shot Misses the Net.
15:38 of 1st period - Keith Aulie is hit by Ryan Jones and loses puck.
15:45 of 1st period - Slapshot by David Van Der Gulik.
15:45 of 1st period - Stopped by David LeNeveu without a rebound.
15:46 of 1st period - Blake Geoffrion wins face-off versus Alexandre Bolduc in Gangsters zone.
16:11 of 1st period - Billy Sweat is hit by Ville Koistinen.
16:55 of 1st period - Wrist shot by Matt Cullen.
16:55 of 1st period - Shot Misses the Net.
17:05 of 1st period - Matt Cullen is hit by Dave Dziurzynski and loses puck.
17:10 of 1st period - Wrist shot by Mikko Lehtonen.
17:10 of 1st period - Shot Misses the Net.
17:12 of 1st period - Wrist shot by Maxime Sauvé.
17:12 of 1st period - Shot Blocked by Keith Aulie.
17:14 of 1st period - Backhand shot by Dave Dziurzynski.
17:14 of 1st period - Stopped by Corey Crawford with a rebound.
17:16 of 1st period - Slapshot by Matt Delahey.
17:16 of 1st period - Shot Blocked by Keith Aulie.
17:30 of 1st period - Oliver Ekman-Larsson is hit by Dave Dziurzynski and loses puck.
17:59 of 1st period - Wrist shot by Mikko Lehtonen.
17:59 of 1st period - Stopped by Corey Crawford without a rebound.
18:00 of 1st period - Ryan Keller wins face-off versus Evgeny Grachev in Carnivores zone.
18:27 of 1st period - Ville Koistinen is hit by Colton Orr and loses puck.
18:49 of 1st period - Icing by Anton Lander.
18:50 of 1st period - Alexandre Bolduc wins face-off versus Anton Lander in Carnivores zone.
18:51 of 1st period - Slapshot by Jaroslav Balastik.
18:51 of 1st period - Deflect By Alexandre Bolduc.
18:51 of 1st period - Shot Misses the Net.
18:51 of 1st period - Puck is out of play.
18:52 of 1st period - Alexandre Bolduc wins face-off versus Evgeny Grachev in Carnivores zone.
18:53 of 1st period - Backhand shot by Jaroslav Balastik.
18:53 of 1st period - Shot Misses the Net.
19:02 of 1st period - Minor Penalty to Jaroslav Balastik for Hooking.
19:03 of 1st period - Matt Cullen wins face-off versus Brock Bradford in Gangsters zone.
19:04 of 1st period - Slapshot by Tim Conboy.
19:04 of 1st period - Stopped by David LeNeveu with a rebound.
19:06 of 1st period - Slapshot by Bobby Sanguinetti.
19:06 of 1st period - Goal by Bobby Sanguinetti - Gangsters : 3 - Carnivores : 2.
19:07 of 1st period - Matt Cullen wins face-off versus Alexandre Bolduc in neutral zone.
19:32 of 1st period - Bryan Young is hit by Evgeny Grachev and loses puck.
19:45 of 1st period - Chris Bourque is hit by Evgeny Grachev and loses puck.
Goals for this period are 3 for Gangsters vs 2 for Carnivores.
Shots for this period are 13 for Gangsters vs 14 for Carnivores.
2nd period
0:01 of 2nd period - Alexandre Bolduc wins face-off versus Matt Cullen in neutral zone.
0:37 of 2nd period - Snap shot by David Van Der Gulik.
0:37 of 2nd period - Shot Blocked by Ryan Jones.
0:46 of 2nd period - Off-side.
0:47 of 2nd period - Brock Bradford wins face-off versus Anton Gustafsson in neutral zone.
0:54 of 2nd period - Snap shot by Gustav Nyquist.
0:54 of 2nd period - Shot Blocked by Keith Aulie.
0:56 of 2nd period - Snap shot by Bryan Young.
0:56 of 2nd period - Stopped by Corey Crawford with a rebound.
0:58 of 2nd period - Wrist shot by Ville Koistinen.
0:58 of 2nd period - Stopped by Corey Crawford without a rebound.
0:59 of 2nd period - Matt Cullen wins face-off versus Jaroslav Balastik in Carnivores zone.
3:13 of 2nd period - Snap shot by Nick Foligno.
3:13 of 2nd period - Stopped by Corey Crawford with a rebound.
3:15 of 2nd period - Wrist shot by Gustav Nyquist.
3:15 of 2nd period - Shot Hit the Post.
3:56 of 2nd period - Ville Koistinen is hit by Tim Conboy.
5:03 of 2nd period - Wrist shot by Gustav Nyquist.
5:03 of 2nd period - Shot Misses the Net.
5:05 of 2nd period - Snap shot by Shaun Heska.
5:05 of 2nd period - Stopped by Corey Crawford with a rebound.
5:14 of 2nd period - Off-side.
5:15 of 2nd period - Artem Anisimov wins face-off versus Matt Cullen in neutral zone.
6:01 of 2nd period - Minor Penalty to Evgeny Grachev for Roughing.
6:02 of 2nd period - Matt Cullen wins face-off versus Alexandre Bolduc in Carnivores zone.
7:21 of 2nd period - Artem Anisimov is hit by Anton Gustafsson and loses puck.
8:01 of 2nd period - Penalty to Evgeny Grachev is over, Evgeny Grachev is back on ice.
8:06 of 2nd period - Artem Anisimov is hit by Evgeny Grachev and loses puck.
8:25 of 2nd period - Backhand shot by Anton Gustafsson.
8:25 of 2nd period - Shot Blocked by Bryan Young.
9:06 of 2nd period - Wrist shot by Tim Conboy.
9:06 of 2nd period - Stopped by David LeNeveu without a rebound.
9:07 of 2nd period - Maxime Sauvé wins face-off versus Evgeny Grachev in Gangsters zone.
9:26 of 2nd period - Shaun Heska is hit by Bobby Sanguinetti and loses puck.
9:48 of 2nd period - Anton Gustafsson is hit by Chris Bourque and loses puck.
9:52 of 2nd period - Icing by Patrick McNeill.
9:53 of 2nd period - Chris Bourque wins face-off versus Anton Gustafsson in Carnivores zone.
10:18 of 2nd period - Snap shot by Matt Cullen.
10:18 of 2nd period - Stopped by David LeNeveu without a rebound.
10:19 of 2nd period - Matt Cullen wins face-off versus Alexandre Bolduc in Gangsters zone.
10:20 of 2nd period - Wrist shot by Blake Geoffrion.
10:20 of 2nd period - Stopped by David LeNeveu without a rebound.
10:21 of 2nd period - Matt Cullen wins face-off versus Alexandre Bolduc in Gangsters zone.
10:32 of 2nd period - Slapshot by Alexandre Bolduc.
10:32 of 2nd period - Goal by Alexandre Bolduc - Gangsters : 4 - Carnivores : 2.
10:32 of 2nd period - Antti Raanta enters game.
10:33 of 2nd period - Tim Conboy wins face-off versus Alexandre Bolduc in neutral zone.
10:58 of 2nd period - Ryan Keller is hit by Colton Orr and loses puck.
11:11 of 2nd period - Snap shot by Ryan Keller.
11:11 of 2nd period - Shot Misses the Net.
11:32 of 2nd period - Slapshot by Chris Lawrence.
11:32 of 2nd period - Shot Misses the Net.
12:11 of 2nd period - Snap shot by Evgeny Grachev.
12:11 of 2nd period - Stopped by David LeNeveu without a rebound.
12:12 of 2nd period - Artem Anisimov wins face-off versus Evgeny Grachev in Gangsters zone.
12:58 of 2nd period - Snap shot by Mikko Lehtonen.
12:58 of 2nd period - Stopped by Antti Raanta without a rebound.
12:59 of 2nd period - Anton Gustafsson wins face-off versus Dave Dziurzynski in Carnivores zone.
12:59 of 2nd period - Anton Gustafsson is hit by Bryan Young.
13:15 of 2nd period - Slapshot by Ville Koistinen.
13:15 of 2nd period - Shot Blocked by Keith Aulie.
13:23 of 2nd period - Mikko Lehtonen is hit by Colton Orr.
13:31 of 2nd period - Snap shot by Colton Orr.
13:31 of 2nd period - Goal by Colton Orr - Gangsters : 4 - Carnivores : 3.
13:32 of 2nd period - Artem Anisimov wins face-off versus Matt Cullen in neutral zone.
13:37 of 2nd period - Wrist shot by Chris Bourque.
13:37 of 2nd period - Deflect By Ryan Jones.
13:37 of 2nd period - Stopped by Antti Raanta with a rebound.
13:43 of 2nd period - Wrist shot by Matt Cullen.
13:43 of 2nd period - Shot Misses the Net.
13:45 of 2nd period - Slapshot by Oliver Ekman-Larsson.
13:45 of 2nd period - Shot Misses the Net.
14:04 of 2nd period - Wrist shot by Ryan Keller.
14:04 of 2nd period - Shot Misses the Net.
14:28 of 2nd period - Snap shot by Colton Orr.
14:28 of 2nd period - Shot Blocked by Ville Koistinen.
14:30 of 2nd period - Wrist shot by Colton Orr.
14:30 of 2nd period - Stopped by David LeNeveu without a rebound.
14:31 of 2nd period - Artem Anisimov wins face-off versus Matt Cullen in Gangsters zone.
14:40 of 2nd period - Wrist shot by Blake Geoffrion.
14:40 of 2nd period - Stopped by David LeNeveu without a rebound.
14:41 of 2nd period - Tim Conboy wins face-off versus Artem Anisimov in Gangsters zone.
14:42 of 2nd period - Slapshot by Matt Cullen.
14:42 of 2nd period - Shot Misses the Net.
14:50 of 2nd period - Snap shot by Tim Conboy.
14:50 of 2nd period - Stopped by David LeNeveu without a rebound.
14:51 of 2nd period - Matt Cullen wins face-off versus Alexandre Bolduc in Gangsters zone.
14:58 of 2nd period - Wrist shot by Matt Cullen.
14:58 of 2nd period - Shot Blocked by Ville Koistinen.
15:00 of 2nd period - Snap shot by Matt Cullen.
15:00 of 2nd period - Goal by Matt Cullen - Gangsters : 4 - Carnivores : 4.
15:01 of 2nd period - Matt Cullen wins face-off versus Alexandre Bolduc in neutral zone.
15:01 of 2nd period - Matt Cullen is hit by Alexandre Bolduc.
15:15 of 2nd period - Wrist shot by Tim Conboy.
15:15 of 2nd period - Shot Blocked by Alexandre Bolduc.
15:17 of 2nd period - Wrist shot by Keith Aulie.
15:17 of 2nd period - Stopped by David LeNeveu without a rebound.
15:18 of 2nd period - Evgeny Grachev wins face-off versus Artem Anisimov in Gangsters zone.
15:19 of 2nd period - Snap shot by David Van Der Gulik.
15:19 of 2nd period - Shot Misses the Net.
15:22 of 2nd period - Icing by Artem Anisimov.
15:23 of 2nd period - Evgeny Grachev wins face-off versus Artem Anisimov in Gangsters zone.
15:26 of 2nd period - Snap shot by Billy Sweat.
15:26 of 2nd period - Shot Blocked by Ryan Jones.
15:36 of 2nd period - Snap shot by Ryan Jones.
15:36 of 2nd period - Stopped by Antti Raanta with a rebound.
15:38 of 2nd period - Slapshot by Bryan Young.
15:38 of 2nd period - Stopped by Antti Raanta without a rebound.
15:39 of 2nd period - Matt Cullen wins face-off versus Alexandre Bolduc in Carnivores zone.
15:54 of 2nd period - Snap shot by Keith Aulie.
15:54 of 2nd period - Deflect By Matt Cullen.
15:54 of 2nd period - Shot Blocked by Alexandre Bolduc.
15:54 of 2nd period - Puck is out of play.
15:55 of 2nd period - Artem Anisimov wins face-off versus Evgeny Grachev in Gangsters zone.
16:00 of 2nd period - Bobby Sanguinetti is hit by Chris Bourque and loses puck.
16:46 of 2nd period - Off-side.
16:47 of 2nd period - Artem Anisimov wins face-off versus Evgeny Grachev in neutral zone.
16:52 of 2nd period - Slapshot by Shaun Heska.
16:52 of 2nd period - Shot Misses the Net.
17:02 of 2nd period - Colten Teubert is hit by Keith Aulie and loses puck.
17:21 of 2nd period - Snap shot by Gustav Nyquist.
17:21 of 2nd period - Shot Hit the Post.
17:23 of 2nd period - Wrist shot by Brock Bradford.
17:23 of 2nd period - Deflect By Evgeny Grachev.
17:23 of 2nd period - Shot Misses the Net.
17:23 of 2nd period - Puck is out of play.
17:24 of 2nd period - Brock Bradford wins face-off versus Matt Cullen in Carnivores zone.
17:49 of 2nd period - Wrist shot by Gustav Nyquist.
17:49 of 2nd period - Stopped by Antti Raanta without a rebound.
17:50 of 2nd period - Alexandre Bolduc wins face-off versus Evgeny Grachev in Carnivores zone.
18:38 of 2nd period - Slapshot by Shaun Heska.
18:38 of 2nd period - Deflect By Gustav Nyquist.
18:38 of 2nd period - Stopped by Antti Raanta with a rebound.
18:40 of 2nd period - Slapshot by Gustav Nyquist.
18:40 of 2nd period - Shot Misses the Net.
18:42 of 2nd period - Slapshot by Brock Bradford.
18:42 of 2nd period - Shot Blocked by Keith Aulie.
19:28 of 2nd period - Snap shot by Ryan Keller.
19:28 of 2nd period - Shot Misses the Net.
19:44 of 2nd period - Wrist shot by David Van Der Gulik.
19:44 of 2nd period - Shot Misses the Net.
19:58 of 2nd period - Slapshot by Nick Foligno.
19:58 of 2nd period - Shot Misses the Net.
Goals for this period are 1 for Gangsters vs 2 for Carnivores.
Shots for this period are 11 for Gangsters vs 10 for Carnivores.
3rd period
0:01 of 3rd period - Jaroslav Balastik wins face-off versus Matt Cullen in neutral zone.
0:04 of 3rd period - Snap shot by Ville Koistinen.
0:04 of 3rd period - Deflect By Tim Conboy.
0:04 of 3rd period - Stopped by Antti Raanta with a rebound.
0:06 of 3rd period - Wrist shot by Ryan Keller.
0:06 of 3rd period - Stopped by Antti Raanta with a rebound.
0:10 of 3rd period - Wrist shot by Ryan Keller.
0:10 of 3rd period - Stopped by Antti Raanta with a rebound.
0:58 of 3rd period - Slapshot by Bobby Sanguinetti.
0:58 of 3rd period - Stopped by David LeNeveu with a rebound.
1:00 of 3rd period - Snap shot by Jeremy Welsh.
1:00 of 3rd period - Stopped by David LeNeveu with a rebound.
1:10 of 3rd period - Chris Lawrence is hit by Matt Delahey and loses puck.
1:21 of 3rd period - Wrist shot by Gustav Nyquist.
1:21 of 3rd period - Shot Misses the Net.
1:58 of 3rd period - Snap shot by Keith Aulie.
1:58 of 3rd period - Stopped by David LeNeveu with a rebound.
2:00 of 3rd period - Snap shot by Jeremy Welsh.
2:00 of 3rd period - Stopped by David LeNeveu without a rebound.
2:01 of 3rd period - Anton Gustafsson wins face-off versus Artem Anisimov in Gangsters zone.
2:27 of 3rd period - Shaun Heska is hit by Oliver Ekman-Larsson and loses puck.
2:36 of 3rd period - Snap shot by Gustav Nyquist.
2:36 of 3rd period - Shot Blocked by Matt Cullen.
2:53 of 3rd period - Icing by Dave Dziurzynski.
2:54 of 3rd period - Evgeny Grachev wins face-off versus Maxime Sauvé in Gangsters zone.
2:59 of 3rd period - Slapshot by Evgeny Grachev.
2:59 of 3rd period - Stopped by David LeNeveu with a rebound.
3:01 of 3rd period - Slapshot by Phil Oreskovic.
3:01 of 3rd period - Shot Misses the Net.
3:19 of 3rd period - Snap shot by Jaroslav Balastik.
3:19 of 3rd period - Stopped by Antti Raanta with a rebound.
3:21 of 3rd period - Slapshot by Matt Delahey.
3:21 of 3rd period - Deflect By Jaroslav Balastik.
3:21 of 3rd period - Stopped by Antti Raanta without a rebound.
3:22 of 3rd period - Matt Cullen wins face-off versus Alexandre Bolduc in Carnivores zone.
3:35 of 3rd period - Snap shot by Jaroslav Balastik.
3:35 of 3rd period - Stopped by Antti Raanta with a rebound.
3:37 of 3rd period - Slapshot by Ville Koistinen.
3:37 of 3rd period - Shot Blocked by Chris Butler.
3:47 of 3rd period - Tim Conboy is hit by Nick Foligno and loses puck.
3:54 of 3rd period - Brock Bradford is hit by Phil Oreskovic and loses puck.
4:01 of 3rd period - Snap shot by Blake Geoffrion.
4:01 of 3rd period - Shot Blocked by Bryan Young.
4:03 of 3rd period - Wrist shot by Bobby Sanguinetti.
4:03 of 3rd period - Deflect By Matt Cullen.
4:03 of 3rd period - Shot Misses the Net.
4:03 of 3rd period - Puck is out of play.
4:04 of 3rd period - Alexandre Bolduc wins face-off versus Evgeny Grachev in Gangsters zone.
4:09 of 3rd period - Snap shot by Alexandre Bolduc.
4:09 of 3rd period - Shot Blocked by David Schlemko.
4:19 of 3rd period - Backhand shot by Billy Sweat.
4:19 of 3rd period - Stopped by David LeNeveu with a rebound.
4:29 of 3rd period - Colton Orr is hit by Chris Bourque and loses puck.
4:38 of 3rd period - Wrist shot by Chris Bourque.
4:38 of 3rd period - Shot Misses the Net.
5:17 of 3rd period - Off-side.
5:18 of 3rd period - Matt Cullen wins face-off versus Alexandre Bolduc in neutral zone.
5:21 of 3rd period - Jaroslav Balastik is hit by Tim Conboy and loses puck.
6:07 of 3rd period - Slapshot by Maxime Sauvé.
6:07 of 3rd period - Stopped by Antti Raanta without a rebound.
6:08 of 3rd period - Anton Gustafsson wins face-off versus Maxime Sauvé in Carnivores zone.
6:34 of 3rd period - Oliver Ekman-Larsson is hit by Jaroslav Balastik and loses puck.
6:41 of 3rd period - Snap shot by Ryan Keller.
6:41 of 3rd period - Shot Misses the Net.
6:53 of 3rd period - Wrist shot by Chris Bourque.
6:53 of 3rd period - Deflect By Artem Anisimov.
6:53 of 3rd period - Shot Blocked by Bobby Sanguinetti.
6:53 of 3rd period - Puck is out of play.
6:54 of 3rd period - Evgeny Grachev wins face-off versus Artem Anisimov in Carnivores zone.
7:03 of 3rd period - Wrist shot by David Van Der Gulik.
7:03 of 3rd period - Shot Misses the Net.
7:45 of 3rd period - Jaroslav Balastik is hit by Matt Cullen and loses puck.
8:34 of 3rd period - Snap shot by Chris Lawrence.
8:34 of 3rd period - Stopped by David LeNeveu without a rebound.
8:35 of 3rd period - Alexandre Bolduc wins face-off versus Matt Cullen in Gangsters zone.
8:35 of 3rd period - Alexandre Bolduc is hit by Patrick McNeill.
8:51 of 3rd period - Snap shot by Alexandre Bolduc.
8:51 of 3rd period - Shot Blocked by Chris Butler.
10:00 of 3rd period - Icing by Anton Lander.
10:01 of 3rd period - Alexandre Bolduc wins face-off versus Anton Lander in Carnivores zone.
10:06 of 3rd period - Wrist shot by Alexandre Bolduc.
10:06 of 3rd period - Stopped by Antti Raanta with a rebound.
10:08 of 3rd period - Snap shot by Ryan Keller.
10:08 of 3rd period - Stopped by Antti Raanta with a rebound.
10:10 of 3rd period - Slapshot by Alexandre Bolduc.
10:10 of 3rd period - Shot Blocked by Keith Aulie.
10:12 of 3rd period - Wrist shot by Jaroslav Balastik.
10:12 of 3rd period - Goal by Jaroslav Balastik - Gangsters : 5 - Carnivores : 4.
10:13 of 3rd period - Matt Cullen wins face-off versus Alexandre Bolduc in neutral zone.
10:22 of 3rd period - Wrist shot by Tim Conboy.
10:22 of 3rd period - Stopped by David LeNeveu with a rebound.
10:24 of 3rd period - Slapshot by Bobby Sanguinetti.
10:24 of 3rd period - Stopped by David LeNeveu with a rebound.
10:40 of 3rd period - Icing by Colten Teubert.
10:41 of 3rd period - Alexandre Bolduc wins face-off versus Anton Gustafsson in Gangsters zone.
10:45 of 3rd period - Minor Penalty to Oliver Ekman-Larsson for Hooking.
10:46 of 3rd period - Alexandre Bolduc wins face-off versus Matt Cullen in Carnivores zone.
10:48 of 3rd period - Wrist shot by Alexandre Bolduc.
10:48 of 3rd period - Stopped by Antti Raanta without a rebound.
10:49 of 3rd period - Matt Cullen wins face-off versus Alexandre Bolduc in Carnivores zone.
11:22 of 3rd period - Slapshot by Chris Bourque.
11:22 of 3rd period - Stopped by Antti Raanta without a rebound.
11:23 of 3rd period - Alexandre Bolduc wins face-off versus Matt Cullen in Carnivores zone.
12:45 of 3rd period - Penalty to Oliver Ekman-Larsson is over, Oliver Ekman-Larsson is back on ice.
12:50 of 3rd period - Gustav Nyquist is hit by David Van Der Gulik and loses puck.
13:59 of 3rd period - Icing by Chris Butler.
14:00 of 3rd period - Anton Gustafsson wins face-off versus Maxime Sauvé in Carnivores zone.
14:04 of 3rd period - Off-side.
14:05 of 3rd period - Alexandre Bolduc wins face-off versus Matt Cullen in neutral zone.
14:11 of 3rd period - Off-side.
14:12 of 3rd period - Matt Cullen wins face-off versus Alexandre Bolduc in neutral zone.
14:22 of 3rd period - Snap shot by Alexandre Bolduc.
14:22 of 3rd period - Stopped by Antti Raanta with a rebound.
14:24 of 3rd period - Snap shot by Jaroslav Balastik.
14:24 of 3rd period - Goal by Jaroslav Balastik - Gangsters : 6 - Carnivores : 4.
14:25 of 3rd period - Alexandre Bolduc wins face-off versus Matt Cullen in neutral zone.
15:07 of 3rd period - Slapshot by Keith Aulie.
15:07 of 3rd period - Shot Blocked by Bryan Young.
15:39 of 3rd period - Slapshot by Keith Aulie.
15:39 of 3rd period - Shot Misses the Net.
15:41 of 3rd period - Slapshot by Oliver Ekman-Larsson.
15:41 of 3rd period - Shot Blocked by Alexandre Bolduc.
17:00 of 3rd period - Phil Oreskovic is hit by Ryan Keller and loses puck.
17:25 of 3rd period - Chris Lawrence is hit by Gustav Nyquist and loses puck.
18:12 of 3rd period - Alexandre Bolduc is hit by Colton Orr and loses puck.
19:54 of 3rd period - Off-side.
19:55 of 3rd period - Anton Lander wins face-off versus Gabriel Dumont in neutral zone.
19:58 of 3rd period - Colten Teubert is hit by Anton Lander.
Goals for this period are 2 for Gangsters vs 0 for Carnivores.
Shots for this period are 14 for Gangsters vs 9 for Carnivores.
Output by the SimonT Hockey Simulator (STHS) for François Prévost -- Original Page W3C XHTML 1.0 Valid